 Dungeon Crawl Stone Soup version 0.27.1-1-g398f81649c (webtiles) character file.

Game seed: 1878744764232333361

406 H0rd4k the Insei (level 6, 0/39 HPs)
             Began as an Octopode Transmuter on Sept 13, 2021.
             Shot with an arrow by a centaur (7 damage)
             ... on level 5 of the Dungeon.
             The game lasted 00:04:25 (5892 turns).

H0rd4k the Insei (Octopode Transmuter)              Turns: 5892, Time: 00:04:26

Health: 0/39       AC:  2    Str: 10    XL:     6   Next: 87%
Magic:  7/9        EV: 20    Int: 17    God:
Gold:   214        SH:  0    Dex: 17    Spells: 4/10 levels left

rFire    . . .     SeeInvis .     - Unarmed
rCold    . . .     Faith    .   (shield currently unavailable)
rNeg     . . .     Spirit   .   (helmet currently unavailable)
rPois    x         Reflect  .   (no amulet)
rElec    .         Harm     .   (no ring)
rCorr    .         Rampage  .   (no ring)
Will     .....                  (no ring)
Stlth    ++........             (no ring)
HPRegen  0.13/turn              (no ring)
MPRegen  0.11/turn              (no ring)
                                (no ring)
                                (no ring)

@: spider-form (expiring)
A: venomous fangs, almost no armour, (amphibious), 8 rings, tiny, (camouflage
1), (gelatinous body 1), (nimble swimmer 1), (tentacles)
a: End Transformation


You were on level 5 of the Dungeon.
You were a venomous arachnid creature.
You visited 1 branch of the dungeon, and saw 5 of its levels.

You collected 214 gold pieces.

Inventory:

Jewellery
 g - a ring of willpower
 h - a +4 ring of slaying
 i - an amulet of magic regeneration
Scrolls
 a - a scroll of summoning {unknown}
 b - 3 scrolls of noise {unknown}
 c - 2 scrolls of identify {unknown}
 f - a scroll of magic mapping {unknown}
 m - a scroll of fear {unknown}
 o - a scroll of silence {unknown}
 q - 2 scrolls of teleportation {unknown}
Potions
 d - a potion of attraction {unknown}
 e - 4 potions of curing {unknown}
 j - a potion of mutation {unknown}
 k - a potion of might {unknown}
 l - a potion of lignification {unknown}
 n - a potion of heal wounds {unknown}
 p - a potion of cancellation {unknown}


   Skills:
 + Level 1.7 Fighting
 + Level 3.3 Dodging
 - Level 2.4 Stealth
 + Level 5.3 Unarmed Combat
 + Level 2.6 Spellcasting
 + Level 2.6 Transmutations
 * Level 2.4 Poison Magic


You had 4 spell levels left.
You knew the following spells:

 Your Spells              Type           Power      Damage    Failure   Level
a - Beastly Appendage     Tmut           22%        N/A       17%         1
b - Spider Form           Tmut/Pois      5%         N/A       38%         3
c - Poisonous Vapours     Pois/Air       12%        N/A       36%         2

Your spell library contained the following spells:

 Spells                   Type           Power      Damage    Failure   Level
 Sting                    Tmut/Pois      40%        1d5       17%         1
 Wereblood                Tmut           11%        N/A       24%         2
 Magic Dart               Conj           8%         1d3       38%         1
 Call Imp                 Summ           2%         N/A       50%         2
 Mephitic Cloud           Conj/Pois/Air  5%         N/A       58%         3
 Olgreb's Toxic Radiance  Pois           10%        N/A       75%         4
 Ice Form                 Ice/Tmut       6%         N/A       87%         4


Dungeon Overview and Level Annotations

Branches:
Dungeon (5/15)
 Temple: D:4-7

Altars:
Cheibriados
Kikubaaqudgha
Okawaru

Shops:
D:3 [[:[[

Annotations:
D:4 exclusion: downstairs


Innate Abilities, Weirdness & Mutations

You are a venomous arachnid creature.
You have poisonous fangs.
You are tiny and dextrous.
Your spellcasting is less reliable in this form.
Your armour is entirely melded.
You are incapable of wielding weapons or throwing items.
You cannot wear most types of armour.
((You are amphibious.))
You can wear up to eight rings at the same time.
((Your skin changes colour to match your surroundings (Stealth+).))
((Your rubbery body absorbs attacks. (AC +1, EV +1)))
((You are camouflaged near water. (Stealth+)))
((You have tentacles for arms and can constrict up to eight enemies at once.))


Message History

You turn into a venomous arachnid creature.
The orc shouts!
You hit the orc but do no damage.
The orc is poisoned.
The orc closely misses you.
You hit the orc but do no damage. The orc closely misses you.
You barely miss the orc.
The orc is lightly wounded.
You barely miss the orc.
The orc is lightly wounded.
The orc misses you.
You hit the orc.
The orc is lightly wounded.
The orc hits you with a +0 falchion. The orc barely misses you.
The orc priest invokes the aid of Beogh against you.
Beogh smites you! The orc completely misses you.
You hit the centaur but do no damage.
The orc looks more healthy.
The centaur barely misses you. x2; The orc hits you with a +0 falchion.
The orc completely misses you. The orc misses you.
The centaur closely misses you. The centaur misses you.
You hit the centaur but do no damage.
The centaur is poisoned.
The orc misses you. The orc closely misses you. The centaur hits you.
The centaur kicks you. The orc barely misses you.
You hit the centaur but do no damage.
The centaur looks even sicker.
The centaur is lightly wounded.
Your transformation is almost over.
The centaur completely misses you. The centaur barely misses you.
The orc misses you.
You hit the centaur but do no damage.
The centaur looks as sick as possible!
The centaur is lightly wounded.
The centaur closely misses you. The centaur kicks you.
The orc barely misses you. The orc misses you. The orc completely misses you.
The centaur barely misses you. The centaur closely misses you.
The orc closely misses you. The orc barely misses you.
The centaur wields a +0 shortbow.
The centaur shoots an arrow.
The arrow hits you!
* * * LOW HITPOINT WARNING * * *
Okay, then.
The centaur shoots an arrow.
The arrow hits you!
You die...

.#.#...## ..# ###.#...#
..# # #..#..### ##.## #
#..#....# ##...##
#...##...#
###.....####.
....##.#..##
##...........#
....####...#
###...c#......## ###..
##..###....##o.....##
#..
##.>....s.ooo..$...#
#........o........#
##................#
##.................#
#...............##.#
......##..........# ..#
......####.............
.###.... ##..........
##.. #.......#...


You could see a centaur (very poisoned), an orc priest and 4 orcs.

Vanquished Creatures
  An ogre (D:4)
  A phantom (D:5)
  A hound (D:5)
  An iguana (D:4)
  4 gnolls (D:4)
  6 adders
  An adder skeleton (D:4)
  3 worms
  3 dart slugs
  2 orcs
  6 bats
  6 endoplasms
  2 giant cockroaches
  7 goblins
  3 hobgoblins
  5 jackals
  5 quokkas
  8 ball pythons
  6 frilled lizards
  5 kobolds
  7 rats
83 creatures vanquished.

Vanquished Creatures (others)
  A plant (D:4)
  A withered plant (D:3)
2 creatures vanquished.

Grand Total: 85 creatures vanquished

Notes
Turn   | Place    | Note
-------+----------+-------------------------------------------
     0 | D:1      | H0rd4k the Octopode Transmuter began the quest for the Orb.
     0 | D:1      | Reached XP level 1. HP: 13/13 MP: 3/3
   393 | D:1      | Reached XP level 2. HP: 9/18 MP: 5/5
  1283 | D:2      | Reached XP level 3. HP: 10/23 MP: 6/6
  1287 | D:2      | Learned a level 3 spell: Spider Form
  1923 | D:2      | Found a faded altar of an unknown god.
  1989 | D:2      | Reached skill level 1 in Stealth
  2013 | D:2      | Reached XP level 4. HP: 14/28 MP: 7/7
  2399 | D:3      | Found Qojest's Armour Boutique.
  2410 | D:3      | Found Onasmis's Antique Armour Shoppe.
  2670 | D:3      | Found an ancient bone altar of Kikubaaqudgha.
  2773 | D:3      | Found Rerhoroc's Book Shoppe.
  3144 | D:3      | Found Feih's Antique Armour Shoppe.
  3258 | D:3      | Found Giovuom's Antique Armour Boutique.
  3265 | D:3      | Reached skill level 4 in Unarmed Combat
  3725 | D:4      | Noticed an ogre
  3746 | D:4      | Killed an ogre
  3747 | D:4      | Reached skill level 1 in Poison Magic
  3747 | D:4      | Reached XP level 5. HP: 7/33 MP: 2/8
  4411 | D:4      | Found a snail-covered altar of Cheibriados.
  4412 | D:4      | Found an iron altar of Okawaru.
  4663 | D:4      | Reached XP level 6. HP: 34/38 MP: 5/9
  5198 | D:4      | Reached skill level 5 in Unarmed Combat
  5398 | D:5      | Entered Level 5 of the Dungeon
  5398 | D:5      | Noticed a yak
  5398 | D:5      | Noticed a yak
  5398 | D:5      | Noticed a yak
  5770 | D:4      | Learned a level 2 spell: Poisonous Vapours
  5892 | D:5      | Shot with an arrow by a centaur

Illustrated notes

Levels and vault maps discovered:
D:1:      dpeg_arrival_tiny_e, layout_basic
D:2:      layout_basic, chequers_ecumenical_altar_simple_redux, serial_curves,
          eino_curves_03, eino_curves_02
D:3:      layout_basic, kiku_gazebo_garden_becter, serial_shops,
          nicolae_shop_crystal, shop, shop, shop_fountains,
          nicolae_shop_waterfront, nicolae_underground_beach
D:4:      layout_loops_corners, mainiacjoe_overflow_divided_tiny,
          grunt_ministairs_6, guppyfry_early_lair_pool
D:5:      layout_layer_cave, nicolae_tso_besieged_by_evil

Skill      XL: |  1  2  3  4  5  6 |
---------------+-------------------+-----
Stealth        | 1 2 |  2.4
Unarmed Combat | 4 5 |  5.3
Dodging        | 3 |  3.3
Poison Magic   | 1 2 |  2.4
Fighting       | |  1.7
Spellcasting   | |  2.6
Transmutations | |  2.6

Action                   |  1- 3 |  4- 6 || total
-------------------------+-------+-------++-------
Melee: Unarmed           |    80 |   148 ||   228
       Constrict         |    18 |    25 ||    43
       Tentacles         |    11 |    17 ||    28
       Punch             |     1 |     2 ||     3
 Cast: Spider Form       |       |    10 ||    10
 Stab: Sleeping          |     6 |     9 ||    15
Armor: Skin              |     7 |     6 ||    13
Dodge: Dodged            |    53 |   123 ||   176
